[Event "Titled Tuesday Blitz April 25 Early 2023"]
[White "TartineDeNutella"]
[Black "Azarov, Sergei"]
[BlackFideId "13501470"]
[WhiteElo "2628"]
[BlackElo "2475"]
[Result "1/2-1/2"]
[Round "07"]
[TimeControl "180+2"]
[Date "2023.04.25"]
[WhiteClock "0:00:17"]
[BlackClock "0:00:11"]

1. d4 Nf6 2. c4 e6 3. Nc3 Bb4 4. e3 O-O 5. Ne2 Re8 6. a3 Bf8 7. g3 d5 8. cxd5 exd5 9. Bg2 a5 10. O-O c6 11. Nf4 Bf5 12. f3 c5 13. dxc5 Bxc5 14. Nfxd5 Nc6 15. Kh1 Nxd5 16. Qxd5 Qxd5 17. Nxd5 Rad8 18. e4 Be6 19. Nc7 Re7 20. Nxe6 Rxe6 21. Bf4 Bd6 22. Bh3 Ree8 23. Be3 Be5 24. Rab1 Rd3 25. Bb6 Rb3 26. Bc5 Bd4 27. Bd7 Rd8 28. Bxc6 Bxc5 29. Bd5 Re3 30. b4 axb4 31. axb4 Bb6 32. Rb2 Kf8 33. Bxb7 Rdd3 34. Kg2 g6 35. Bd5 h5 36. Rc1 Rxf3 37. Rf1 Rxf1 38. Kxf1 f5 39. Rc2 Bd4 40. b5 Ke7 41. Rc6 fxe4 42. Bxe4 Rd2 43. Rc2 Rxc2 44. Bxc2 g5 45. h4 gxh4 46. gxh4 Bf6 47. Bd1 1/2-1/2


[Site "https://www.chess.com"]

[Event "Titled Tuesday Blitz April 25 Early 2023"]
[White "Ezat, Mohamed"]
[Black "Beerdsen, Thomas"]
[WhiteFideId "10600906"]
[BlackFideId "1030108"]
[WhiteElo "2386"]
[BlackElo "2547"]
[Result "1-0"]
[Round "07"]
[TimeControl "180+2"]
[Date "2023.04.25"]
[WhiteClock "0:00:24"]
[BlackClock "0:01:20"]

1. d4 Nf6 2. c4 a6 3. Nc3 b5 4. a3 bxc4 5. e4 c6 6. e5 Nd5 7. Bxc4 e6 8. Ne4 a5 9. Nf3 Ba6 10. b3 a4 11. O-O axb3 12. Qxb3 h6 13. a4 Be7 14. Ba3 O-O 15. Bd6 f5 16. Nc5 Bxc4 17. Qxc4 Bxd6 18. exd6 Nb6 19. Qb3 Nd5 20. Ne5 Kh7 21. Qg3 Rf6 22. Rfb1 Qe8 23. h4 Ra7 24. a5 Na6 25. Nxa6 Rxa6 26. Rb7 Rf7 27. Qg6+ Kg8 28. Nxf7 Nf4 29. Nxh6+ Kh8 30. Qxe8+ 1-0


[Site "https://www.chess.com"]

[Event "Titled Tuesday Blitz April 25 Early 2023"]
[White "Martinez Ramirez, Lennis"]
[Black "Molina, Roberto Junio Brito"]
[WhiteFideId "3509079"]
[BlackFideId "2109450"]
[WhiteElo "2410"]
[BlackElo "2376"]
[Result "1-0"]
[Round "07"]
[TimeControl "180+2"]
[Date "2023.04.25"]
[WhiteClock "0:00:25"]
[BlackClock "0:00:01"]

1. c4 c6 2. Nf3 d5 3. g3 dxc4 4. Bg2 b5 5. O-O Bb7 6. b3 cxb3 7. axb3 e6 8. d4 Nf6 9. Ne5 Be7 10. Nc3 a6 11. Bg5 O-O 12. e3 Nd5 13. Bxe7 Qxe7 14. Ne4 Nd7 15. Nxd7 Qxd7 16. Nc5 Qe7 17. Ra5 Rad8 18. Qa1 Rfe8 19. Rc1 h6 20. Nxa6 Bxa6 21. Rxa6 Nb4 22. Ra7 Qd6 23. Bxc6 Nxc6 24. Ra6 Rc8 25. Qc3 e5 26. Rxc6 Rxc6 27. Qxc6 Qb8 28. d5 Rd8 29. Rc5 b4 30. Rc4 g6 31. Qc5 Qb7 32. e4 1-0


[Site "https://www.chess.com"]

[Event "Titled Tuesday Blitz April 25 Early 2023"]
[White "Bacallao Alonso, Yusnel"]
[Black "Golichenko, Ilija"]
[WhiteFideId "3507416"]
[BlackFideId "14117223"]
[WhiteElo "2561"]
[BlackElo "2339"]
[Result "1-0"]
[Round "07"]
[TimeControl "180+2"]
[Date "2023.04.25"]
[WhiteClock "0:00:18"]
[BlackClock "0:00:01"]

1. d4 Nf6 2. Nf3 e6 3. c4 d5 4. Nc3 Bb4 5. Qa4+ Nc6 6. a3 Bxc3+ 7. bxc3 O-O 8. Bg5 h6 9. Bh4 Re8 10. e3 dxc4 11. Bxc4 e5 12. O-O e4 13. Nd2 Qd6 14. Rfb1 a6 15. Bf1 Rb8 16. c4 Bf5 17. Nb3 g5 18. Bg3 Qe7 19. Nc5 Nd8 20. Be5 Ng4 21. Bg3 h5 22. h3 Nh6 23. Bxc7 Rc8 24. Bxd8 Rexd8 25. Rxb7 Qf6 26. Qxa6 Rc6 27. Qa5 Rdc8 28. Rab1 g4 29. Rb8 gxh3 30. d5 h2+ 31. Kh1 Ng4 32. dxc6 1-0


[Site "https://www.chess.com"]

[Event "Titled Tuesday Blitz April 25 Early 2023"]
[White "Vakhlamov, Igor L."]
[Black "Juhasz, Agoston"]
[WhiteFideId "24126748"]
[BlackFideId "778346"]
[WhiteElo "2400"]
[BlackElo "2211"]
[Result "1-0"]
[Round "07"]
[TimeControl "180+2"]
[Date "2023.04.25"]
[WhiteClock "0:00:38"]
[BlackClock "0:00:04"]

1. e4 c5 2. Nf3 Nc6 3. Nc3 g6 4. d4 cxd4 5. Nxd4 Bg7 6. Nxc6 bxc6 7. Bc4 d6 8. O-O Nf6 9. e5 dxe5 10. Qxd8+ Kxd8 11. Re1 e6 12. Rxe5 Nd5 13. Re2 Kc7 14. Na4 a5 15. a3 Ba6 16. Bxa6 Rxa6 17. c4 Nb6 18. Bf4+ Kc8 19. Nc5 Ra7 20. Rc1 Rd8 21. g3 Nd7 22. Ne4 Ne5 23. Bxe5 Bxe5 24. Ng5 Bg7 25. Nxh7 a4 26. Ng5 Rd3 27. Rcc2 Rb7 28. Ne4 Bf8 29. Nc3 Ra7 30. h4 Bc5 31. Ne4 Bd4 32. Kg2 f5 33. Ng5 e5 34. Nf3 e4 35. Nxd4 Rxd4 36. Red2 c5 37. f3 Rad7 38. Re2 exf3+ 39. Kxf3 Rg4 40. Rcd2 Rxd2 41. Rxd2 Rxc4 42. Rd6 Rg4 43. Rc6+ Kb7 44. Rxc5 Kb6 45. Rc3 Kb5 46. b4 axb3 47. Rxb3+ Kc5 48. Rb4 Rxb4 49. axb4+ Kxb4 50. Kf4 Kc5 51. Kg5 Kd5 52. Kxg6 Ke4 53. h5 Kf3 54. Kxf5 Kxg3 55. h6 1-0


[Site "https://www.chess.com"]

[Event "Titled Tuesday Blitz April 25 Early 2023"]
[White "Weishaeutel, Moritz"]
[Black "Rozen, Eytan"]
[WhiteFideId "12967300"]
[BlackFideId "2816750"]
[WhiteElo "2301"]
[BlackElo "2451"]
[Result "0-1"]
[Round "07"]
[TimeControl "180+2"]
[Date "2023.04.25"]
[WhiteClock "0:00:13"]
[BlackClock "0:00:11"]

1. e4 c5 2. b4 e5 3. Nf3 Nc6 4. b5 Nd4 5. c3 Nxf3+ 6. Qxf3 Nf6 7. Bc4 Be7 8. d3 O-O 9. O-O b6 10. Re1 d6 11. Bg5 Be6 12. Bxf6 Bxf6 13. Nd2 Bg5 14. Nf1 Qd7 15. a4 Rad8 16. Qh5 h6 17. Ne3 Bxe3 18. Rxe3 d5 19. exd5 Bxd5 20. Rg3 Bxc4 21. Qxh6 f6 22. h4 Bxd3 23. Rd1 c4 24. Re1 Bh7 25. Ree3 Kh8 26. Qh5 Qd1+ 27. Qxd1 Rxd1+ 28. Kh2 Rd3 29. Rg4 Rxe3 30. fxe3 e4 31. Rf4 Rd8 32. Rf2 Rd3 33. Kg3 Rxe3+ 34. Kf4 Rxc3 35. Rd2 Rd3 36. Rc2 c3 37. h5 e3 38. Re2 Rd4+ 39. Kxe3 Re4+ 40. Kd3 c2 41. Rxc2 Rxa4+ 42. Kc3 Bxc2 0-1


[Site "https://www.chess.com"]

[Event "Titled Tuesday Blitz April 25 Early 2023"]
[White "Djordjevic, Vuk"]
[Black "Sahib Singh"]
[WhiteFideId "902098"]
[BlackFideId "25618342"]
[WhiteElo "2452"]
[BlackElo "1934"]
[Result "1-0"]
[Round "07"]
[TimeControl "180+2"]
[Date "2023.04.25"]
[WhiteClock "0:00:22"]
[BlackClock "0:00:06"]

1. e4 e5 2. Nf3 Nc6 3. d4 exd4 4. Nxd4 Bc5 5. Nxc6 bxc6 6. Bd3 Ne7 7. Nc3 O-O 8. Na4 Bb6 9. O-O d5 10. Nxb6 axb6 11. Bf4 Ng6 12. Bg3 d4 13. f4 f5 14. Qf3 Qd6 15. h4 Ne7 16. e5 Qb4 17. a3 Qxb2 18. Rfb1 Rxa3 19. Rxb2 Rxa1+ 20. Kh2 Be6 21. h5 Bd5 22. Qe2 Ra4 23. Bh4 Nc8 24. e6 Re8 25. Bxf5 Nd6 26. Bh3 d3 27. cxd3 Rxf4 28. Bg3 Rf6 29. Bxd6 cxd6 30. Rxb6 Bxe6 31. Rxc6 Bf7 32. Rc8 Rxc8 33. Bxc8 h6 34. Bg4 Kh7 35. Qe4+ Kh8 36. Bf5 Bg8 37. Bg6 d5 38. Qe8 d4 39. Be4 Rf4 40. Bd5 Rf7 41. Bxf7 1-0


[Site "https://www.chess.com"]

[Event "Titled Tuesday Blitz April 25 Early 2023"]
[White "Gontcharov, Vladislav"]
[Black "Ashraf, Artin"]
[WhiteFideId "4123492"]
[BlackFideId "22514805"]
[WhiteElo "2420"]
[BlackElo "2188"]
[Result "1-0"]
[Round "07"]
[TimeControl "180+2"]
[Date "2023.04.25"]
[WhiteClock "0:00:11"]
[BlackClock "0:00:02"]

1. e4 e5 2. Nf3 Nc6 3. Bb5 a6 4. Ba4 Nf6 5. d3 b5 6. Bb3 Be7 7. O-O O-O 8. Re1 d6 9. c3 Na5 10. Bc2 c5 11. Nbd2 Bb7 12. Nf1 Qc7 13. Ng3 Rfe8 14. h3 Bf8 15. Bg5 Nd7 16. Nf5 g6 17. Ne3 Bg7 18. b4 cxb4 19. cxb4 Nc6 20. Nd5 Qb8 21. Bb3 Nd8 22. Rc1 Ne6 23. Bh4 Ra7 24. Re2 Ba8 25. Ne7+ Kf8 26. Rec2 Bf6 27. Rc8 Qb7 28. Rxe8+ Kxe8 29. Bxf6 Nxf6 30. Nc8 Qb8 31. Nxa7 Qxa7 32. Qc2 Nd8 33. Qc7 Qxc7 34. Rxc7 Nd7 35. Ng5 f6 36. Nxh7 Bb7 37. g4 g5 38. Kh2 Bc6 39. Kg3 Bb7 40. Bd5 Bxd5 41. exd5 Nf7 42. h4 gxh4+ 43. Kxh4 Nh8 44. Kh5 Nf7 45. Kg6 Nh8+ 46. Kf5 Nf7 47. Rc8+ Ke7 48. g5 Nh6+ 49. gxh6 1-0


[Site "https://www.chess.com"]

[Event "Titled Tuesday Blitz April 25 Early 2023"]
[White "Liu, Xiangyi"]
[Black "Elgersma, Onno"]
[WhiteFideId "8605718"]
[BlackFideId "1053531"]
[WhiteElo "2323"]
[BlackElo "2252"]
[Result "1-0"]
[Round "07"]
[TimeControl "180+2"]
[Date "2023.04.25"]
[WhiteClock "0:00:20"]
[BlackClock "0:00:10"]

1. Nf3 Nf6 2. g3 d5 3. Bg2 e6 4. O-O Be7 5. d3 O-O 6. Nbd2 c5 7. e4 Nc6 8. e5 Nd7 9. Re1 Qc7 10. Qe2 b5 11. h4 Bb7 12. h5 Rfc8 13. h6 g6 14. c3 b4 15. c4 Nb6 16. b3 a5 17. Rb1 a4 18. Nf1 axb3 19. axb3 Ra7 20. N1h2 Rca8 21. Ng4 Ra2 22. Qd1 Rd8 23. Re2 Ra5 24. cxd5 Nxd5 25. Bb2 Ra2 26. Rc2 Qd7 27. Ra1 Rda8 28. Rxa2 Rxa2 29. Nf6+ Bxf6 30. exf6 Qd8 31. Qb1 Qa5 32. Kh2 Nc3 33. Qc1 Nd4 34. Nxd4 cxd4 35. Bxb7 Qh5+ 36. Kg2 Qe5 37. Bxc3 Rxc2 38. Qxc2 dxc3 39. Qa2 Qb8 40. Be4 Kf8 41. d4 Qd8 42. Qa4 Qxf6 43. Qxb4+ Qe7 44. Qxc3 f5 45. Bf3 Qd6 46. Qe3 Kf7 47. Qe5 Qb6 48. Qg7+ Ke8 49. Qxh7 Qxb3 50. Qxg6+ 1-0


[Site "https://www.chess.com"]

[Event "Titled Tuesday Blitz April 25 Early 2023"]
[White "Bryakin, Mikhail"]
[Black "Vestby-Ellingsen, Mads"]
[WhiteFideId "4165314"]
[BlackFideId "1520857"]
[WhiteElo "2447"]
[BlackElo "2246"]
[Result "1/2-1/2"]
[Round "07"]
[TimeControl "180+2"]
[Date "2023.04.25"]
[WhiteClock "0:02:28"]
[BlackClock "0:02:01"]

1. e4 e6 2. d4 d5 3. exd5 Qxd5 4. c4 Qd8 5. Nc3 Nf6 6. Nf3 Bb4 7. Qb3 Nc6 8. a3 Ba5 9. Be3 O-O 10. Be2 Re8 11. O-O e5 12. d5 Nd4 13. Bxd4 exd4 14. Nxd4 c5 15. dxc6 Qxd4 16. cxb7 Bxb7 17. Qxb7 1/2-1/2


[Site "https://www.chess.com"]

[Event "Titled Tuesday Blitz April 25 Early 2023"]
[White "Gunina, Valentina"]
[Black "Arpita, Mukherjee"]
[WhiteFideId "4167570"]
[BlackFideId "5056403"]
[WhiteElo "2352"]
[BlackElo "2129"]
[Result "1-0"]
[Round "07"]
[TimeControl "180+2"]
[Date "2023.04.25"]
[WhiteClock "0:01:45"]
[BlackClock "0:00:08"]

1. d4 Nf6 2. c4 g6 3. h4 c5 4. d5 d6 5. Nc3 Bg7 6. e4 h5 7. Be2 O-O 8. Nf3 e6 9. dxe6 Bxe6 10. Ng5 Bc8 11. Bf4 Qb6 12. Rb1 Rd8 13. O-O Nc6 14. Bxd6 Nd4 15. e5 Rxd6 16. exd6 Qxd6 17. Bd3 Bg4 18. f3 Bd7 19. Qd2 Qg3 20. Qf2 Qf4 21. Rfe1 Nh7 22. g3 Qc7 23. Nxh7 Kxh7 24. Nd5 Qd6 25. Kg2 b5 26. b3 Nf5 27. Bxf5 Bxf5 28. Rbd1 Bd4 29. Rxd4 cxd4 30. Qxd4 Qa3 31. Nf6+ Kh6 32. Re2 Qc1 33. g4 hxg4 34. fxg4 1-0


[Site "https://www.chess.com"]

[Event "Titled Tuesday Blitz April 25 Early 2023"]
[White "Cherniaiev, Tykhon"]
[Black "Rodchenkov, Sergey D."]
[WhiteFideId "14182360"]
[BlackFideId "4168712"]
[WhiteElo "2450"]
[BlackElo "2277"]
[Result "1-0"]
[Round "07"]
[TimeControl "180+2"]
[Date "2023.04.25"]
[WhiteClock "0:00:13"]
[BlackClock "0:00:53"]

1. Nf3 d5 2. d4 Nf6 3. c4 dxc4 4. e3 e6 5. Bxc4 c5 6. O-O a6 7. a4 Nc6 8. Nc3 Qc7 9. h3 Be7 10. b3 O-O 11. Bb2 Rd8 12. Rc1 b6 13. Qe2 Bb7 14. Rfd1 Na5 15. dxc5 Bxc5 16. Na2 Rxd1+ 17. Qxd1 Nxc4 18. Rxc4 Rd8 19. Qc2 Bxf3 20. gxf3 Qb7 21. Kg2 Nd5 22. Qe4 Nxe3+ 23. fxe3 Qxe4 24. fxe4 Rd2+ 25. Kf3 Rxb2 26. a5 g6 27. b4 Rxa2 28. bxc5 Kg7 29. axb6 Rb2 30. c6 1-0


[Site "https://www.chess.com"]

[Event "Titled Tuesday Blitz April 25 Early 2023"]
[White "Szpar, Milosz"]
[Black "Garv Gaur"]
[WhiteFideId "1184989"]
[BlackFideId "45030839"]
[WhiteElo "2436"]
[BlackElo "2068"]
[Result "1-0"]
[Round "07"]
[TimeControl "180+2"]
[Date "2023.04.25"]
[WhiteClock "0:00:15"]
[BlackClock "0:00:14"]

1. e4 g6 2. d4 Bg7 3. Nf3 c6 4. Bd3 d5 5. e5 Bg4 6. Nbd2 e6 7. h3 Bxf3 8. Nxf3 Nd7 9. b4 a5 10. c3 Ne7 11. h4 h5 12. Bg5 axb4 13. cxb4 Ra3 14. Qd2 Qb6 15. O-O Nc8 16. Be2 O-O 17. Qb2 Qa7 18. Ne1 Ncb6 19. Nc2 Ra4 20. a3 Ra8 21. Qc3 Nc4 22. Bxc4 dxc4 23. Qxc4 Nb6 24. Qb3 Nd5 25. Rfd1 Qa6 26. Be3 Bf8 27. Rab1 Qb5 28. Bc1 Qe2 29. Qd3 Qg4 30. Bg5 Nf4 31. Bxf4 Qxf4 32. g3 Qg4 33. Kg2 Be7 34. Ne3 Rxa3 35. Nxg4 Rxd3 36. Nf6+ Bxf6 37. Rxd3 Be7 38. b5 c5 39. d5 exd5 40. Rxd5 Kf8 41. b6 Ke8 42. Rb5 Rc8 43. Rd2 Rc6 44. Rc2 Kd7 45. f4 Ke6 46. Kf3 Kd5 47. Rb1 Ke6 48. Ke4 Bd8 49. Rb5 Bxb6 50. Rcb2 Bd8 51. Rxb7 c4 52. Rb8 c3 53. Rc2 Be7 54. Rb3 Rc4+ 55. Kd3 Ra4 56. Rbxc3 Kf5 57. Rc7 Ra3+ 58. R2c3 Rxc3+ 59. Kxc3 Ba3 60. Rxf7+ Kg4 61. e6 Kxg3 62. Rf6 Be7 63. Rxg6+ Kxf4 64. Rg7 Bf6+ 65. Kc4 Bxg7 66. e7 Bf6 67. e8=Q Kg4 68. Qg6+ Kxh4 69. Qxf6+ Kg3 70. Qf1 h4 71. Qh1 h3 72. Kd3 h2 73. Ke2 Kh3 74. Kf2 Kh4 75. Kg2 Kg4 76. Qxh2 Kf5 77. Qh4 Ke5 78. Kf3 Kd5 79. Qf4 Kc5 80. Qe4 Kd6 81. Qf5 Kc6 82. Qe5 Kd7 83. Qf6 Kc8 84. Qe7 Kb8 85. Ke4 Ka8 86. Kd5 Kb8 87. Kc6 Ka8 88. Qb7# 1-0


[Site "https://www.chess.com"]

[Event "Titled Tuesday Blitz April 25 Early 2023"]
[White "Shuvalova, Polina"]
[Black "Estrada Nieto, Julian"]
[WhiteFideId "24171760"]
[BlackFideId "5101018"]
[WhiteElo "2281"]
[BlackElo "2161"]
[Result "1-0"]
[Round "07"]
[TimeControl "180+2"]
[Date "2023.04.25"]
[WhiteClock "0:00:28"]
[BlackClock "0:00:06"]

1. e4 e5 2. Nf3 Nc6 3. Bb5 a6 4. Ba4 Nf6 5. Nc3 b5 6. Bb3 Be7 7. d3 d6 8. a3 O-O 9. h3 Na5 10. Ba2 c5 11. Bg5 Be6 12. Bxf6 Bxf6 13. Bd5 Rc8 14. O-O Nc6 15. Re1 b4 16. axb4 cxb4 17. Ne2 a5 18. c4 bxc3 19. bxc3 Bxd5 20. exd5 Ne7 21. Qb3 Rc5 22. c4 e4 23. Nfd4 exd3 24. Qxd3 Qc8 25. Rec1 Bxd4 26. Nxd4 Nxd5 27. Nf5 Nb4 28. Ne7+ Kh8 29. Qxd6 Qc7 30. Ng6+ hxg6 31. Qxf8+ Kh7 32. Qe8 Rxc4 33. Rxc4 Qxc4 34. Qa4 1-0


[Site "https://www.chess.com"]

[Event "Titled Tuesday Blitz April 25 Early 2023"]
[White "Mrudul Dehankar"]
[Black "Karthik Rajaa"]
[WhiteFideId "25096990"]
[BlackFideId "25035215"]
[WhiteElo "2139"]
[BlackElo "2215"]
[Result "0-1"]
[Round "07"]
[TimeControl "180+2"]
[Date "2023.04.25"]
[WhiteClock "0:00:04"]
[BlackClock "0:00:10"]

1. e4 c6 2. d4 d5 3. e5 c5 4. Nf3 cxd4 5. Nxd4 Nc6 6. Nxc6 bxc6 7. Bd3 e6 8. O-O Ne7 9. c4 Ng6 10. Qe2 Be7 11. Nd2 Ba6 12. Nf3 O-O 13. Rd1 Rb8 14. g3 Qa5 15. Bd2 Qb6 16. b3 Bc5 17. Rac1 Rfd8 18. h4 h6 19. h5 Nf8 20. Kg2 Rd7 21. b4 Be7 22. c5 Bxd3 23. Qxd3 Qc7 24. Qd4 Rdd8 25. Re1 Qb7 26. Qg4 Kh8 27. Nd4 Rdc8 28. Qf3 Kg8 29. Qg4 Kh8 30. a3 Nh7 31. Rc3 Bg5 32. f4 Be7 33. Rf3 Qd7 34. Ref1 Rf8 35. f5 exf5 36. Nxf5 Bg5 37. Bc3 Qe6 38. Qd4 Be7 39. Qd3 Ng5 40. Nd4 Qg4 41. Rf4 Qxh5 42. Nf5 Qh3+ 43. Kg1 Rfe8 44. Rh4 Qxh4 45. Nxh4 Ne4 46. Nf5 Bf8 47. Bd4 Re6 48. Qf3 Nd2 49. Qf4 Nxf1 50. Kxf1 Kg8 51. Kg2 a5 52. Nd6 axb4 53. Qxf7+ Kh8 54. Qxe6 bxa3 55. Nf7+ Kh7 56. Qf5+ Kg8 57. Qg6 a2 58. Nxh6+ Kh8 59. Nf7+ Kg8 60. Ng5 Bxc5 61. Qh7+ Kf8 62. Bxc5+ Ke8 63. Qg8+ Kd7 64. Qe6+ Kc7 65. Qe7+ Kc8 66. Bd4 Rb2+ 67. Bxb2 c5 68. Qxc5+ Kb8 69. Qxd5 a1=Q 70. Qa2 Qxa2 71. e6 Qxb2+ 72. Kh3 Qf6 73. Kg4 Kc7 74. Kh5 Kd8 75. Kg4 Ke7 76. Kh5 Qf5 77. Kh4 Kf6 0-1


[Site "https://www.chess.com"]

[Event "Titled Tuesday Blitz April 25 Early 2023"]
[White "Javakhadze, Zurab"]
[Black "Koridze, Lile"]
[WhiteFideId "13603647"]
[BlackFideId "13612514"]
[WhiteElo "2381"]
[BlackElo "2047"]
[Result "1-0"]
[Round "07"]
[TimeControl "180+2"]
[Date "2023.04.25"]
[WhiteClock "0:00:04"]
[BlackClock "0:00:13"]

1. Nf3 Nf6 2. g3 b5 3. Bg2 Bb7 4. O-O e6 5. d4 c5 6. e3 Be7 7. Qe2 a6 8. b3 O-O 9. Bb2 Nc6 10. c4 d5 11. cxd5 Nxd5 12. e4 Nf6 13. dxc5 Bxc5 14. e5 Nd5 15. Nbd2 Bb6 16. Ne4 Qe7 17. Nd6 Bc5 18. Nxb7 Qxb7 19. h4 Rfd8 20. Ng5 h6 21. Ne4 Bd4 22. Bxd4 Nxd4 23. Qg4 Nf5 24. Nf6+ Kh8 25. Nxd5 Rxd5 26. Rad1 Rad8 27. Rxd5 Rxd5 28. Qb4 Qd7 29. Bxd5 Qxd5 30. Qf8+ Kh7 31. Qxf7 Qxe5 32. h5 Nd4 33. Rd1 Qd5 34. Qg6+ Kh8 35. Qd3 Nf3+ 36. Kf1 Qxh5 37. Qd8+ Kh7 38. Qd3+ Kh8 39. Kg2 Ng5 40. Qd8+ Kh7 41. Qd3+ Kh8 42. Re1 Qh3+ 43. Kg1 Qg4 44. Rc1 e5 45. Qd8+ Kh7 46. Rc8 Nh3+ 47. Kf1 Qf3 48. Qg8+ Kg6 49. Qe6+ Kh7 50. Qxh3 Qd1+ 51. Kg2 Qd5+ 52. Kh2 Qd2 53. Qf5+ g6 54. Qf7# 1-0


[Site "https://www.chess.com"]

[Event "Titled Tuesday Blitz April 25 Early 2023"]
[White "feuervogel1000000"]
[Black "Bronstein, Or"]
[BlackFideId "2815770"]
[WhiteElo "2436"]
[BlackElo "2356"]
[Result "1-0"]
[Round "07"]
[TimeControl "180+2"]
[Date "2023.04.25"]
[WhiteClock "0:00:23"]
[BlackClock "0:00:10"]

1. e4 c5 2. Nf3 d6 3. d4 cxd4 4. Nxd4 Nf6 5. Nc3 a6 6. a3 Nc6 7. Be2 e6 8. O-O Bd7 9. Be3 Be7 10. f4 Qc7 11. Kh1 b5 12. Qe1 h5 13. Nxc6 Bxc6 14. Bd3 h4 15. Bd4 h3 16. g4 e5 17. fxe5 dxe5 18. Qg3 Nxg4 19. Nd5 Qb7 20. Qxg4 exd4 21. Qxg7 O-O-O 22. Rxf7 Rxd5 23. Rxe7 Rdd8 24. Rxb7 Bxb7 25. Rg1 Rde8 26. Qxd4 Kb8 27. Rg7 Ka8 28. Rxb7 Kxb7 29. e5 Rhf8 30. Qe4+ Kb6 31. Qe3+ Ka5 32. Qxh3 Rxe5 33. Qh4 Rf3 34. Qb4+ Kb6 35. Qd4+ Rc5 36. Qd6+ Rc6 37. Qxc6+ Kxc6 38. Be4+ Kc5 39. Bxf3 Kd4 40. h4 Ke3 41. h5 a5 42. h6 Kxf3 43. h7 Ke3 44. h8=Q Kd2 45. Qc3+ Kc1 46. Qxa5 1-0


[Site "https://www.chess.com"]

[Event "Titled Tuesday Blitz April 25 Early 2023"]
[White "Sviridov, Valery"]
[Black "Hoffmann, Asa"]
[WhiteFideId "4120680"]
[BlackFideId "2001470"]
[WhiteElo "2457"]
[BlackElo "2117"]
[Result "1-0"]
[Round "07"]
[TimeControl "180+2"]
[Date "2023.04.25"]
[WhiteClock "0:00:45"]
[BlackClock "0:00:01"]

1. d4 Nf6 2. Nf3 d6 3. c4 c6 4. Nc3 Bf5 5. Nh4 Bd7 6. e4 e5 7. h3 Be7 8. Nf3 Qc7 9. Be2 a6 10. a4 O-O 11. a5 Re8 12. O-O Bf8 13. Qc2 exd4 14. Nxd4 c5 15. Nb3 Nc6 16. Bg5 Be7 17. Rfd1 Be6 18. f4 h6 19. Bh4 Rad8 20. f5 Bc8 21. Bxf6 Nb4 22. Qd2 Bxf6 23. Bf3 Bd7 24. Kh1 Bc6 25. Re1 Re5 26. Rad1 Rde8 27. Qxd6 Qxd6 28. Rxd6 Rxf5 29. Nd5 Bxd5 30. cxd5 Rxd5 31. Rxd5 Nxd5 32. Nxc5 Re7 33. Nd3 Nc7 34. e5 Bg5 35. Bxb7 Bd2 36. Ra1 Kf8 37. b4 f6 38. exf6 gxf6 39. Rd1 Be3 40. Nc5 Bxc5 41. bxc5 Re5 42. c6 Ke8 43. Rd7 Ne6 44. c7 Nxc7 45. Rxc7 Rxa5 46. Kh2 Ra1 47. Rh7 a5 48. Rxh6 Kf7 49. Bd5+ Kg7 50. Rh4 a4 51. Rb4 a3 52. Rb7+ Kh6 53. Ra7 1-0


[Site "https://www.chess.com"]

[Event "Titled Tuesday Blitz April 25 Early 2023"]
[White "Smiechu"]
[Black "Grigoriants, Sergey"]
[BlackFideId "4130804"]
[WhiteElo "2435"]
[BlackElo "2502"]
[Result "0-1"]
[Round "07"]
[TimeControl "180+2"]
[Date "2023.04.25"]
[WhiteClock "0:00:01"]
[BlackClock "0:00:16"]

1. e4 c5 2. Nf3 Nc6 3. d4 cxd4 4. Nxd4 Nf6 5. Nc3 d6 6. Bc4 e6 7. Be3 a6 8. Bb3 Qc7 9. Qe2 Na5 10. f3 b5 11. g4 Bb7 12. g5 Nd7 13. O-O-O Nc5 14. h4 Be7 15. h5 Rc8 16. g6 Naxb3+ 17. axb3 b4 18. gxf7+ Kxf7 19. Na4 Nxa4 20. bxa4 Qc4 21. Qg2 Qa2 22. Qg4 Bf6 23. h6 g6 24. Qf4 Rhd8 25. Qg4 Re8 26. Qf4 b3 27. Kd2 e5 28. Qg4 exd4 29. Bf4 Rxc2+ 30. Ke1 Qxb2 31. Bd2 Rxd2 32. Rxd2 Qc1+ 33. Rd1 Qe3+ 34. Kf1 b2 35. Qd7+ Re7 36. Qxd6 Qxf3+ 0-1


[Site "https://www.chess.com"]

[Event "Titled Tuesday Blitz April 25 Early 2023"]
[White "Lenaerts, Lennert"]
[Black "Galchenko, Matvey"]
[WhiteFideId "211435"]
[BlackFideId "24175480"]
[WhiteElo "2334"]
[BlackElo "2423"]
[Result "0-1"]
[Round "07"]
[TimeControl "180+2"]
[Date "2023.04.25"]
[WhiteClock "0:01:52"]
[BlackClock "0:01:11"]

1. d4 Nf6 2. c4 c5 3. d5 e6 4. Nc3 exd5 5. cxd5 d6 6. Nf3 g6 7. Bf4 Bg7 8. Qa4+ Bd7 9. Qb3 b5 10. Bxd6 Qb6 11. Be5 O-O 12. e3 c4 13. Qd1 b4 14. Nb1 Rc8 15. Be2 Qa5 16. Nbd2 Bb5 17. O-O Nbd7 18. Bd4 Qa6 19. e4 c3 20. bxc3 bxc3 21. Bxb5 Qxb5 22. Nb3 Nxe4 23. Bxg7 Kxg7 24. Qd4+ Ndf6 25. Rfe1 Rc4 26. Qe5 Qxd5 27. Rac1 Qxe5 28. Nxe5 Rc7 29. f3 Nd2 30. Rc2 Nxb3 31. axb3 Rb8 32. Rb1 Nd5 33. Kf2 Nb4 34. Re2 f6 35. Nc4 c2 36. Rc1 Nd3+ 0-1


[Site "https://www.chess.com"]

[Event "Titled Tuesday Blitz April 25 Early 2023"]
[White "Schnaider, Ilan"]
[Black "Hambleton, Aman"]
[WhiteFideId "169013"]
[BlackFideId "2606577"]
[WhiteElo "2224"]
[BlackElo "2511"]
[Result "1-0"]
[Round "07"]
[TimeControl "180+2"]
[Date "2023.04.25"]
[WhiteClock "0:00:02"]
[BlackClock "0:00:02"]

1. e4 b6 2. d4 Bb7 3. Nc3 e6 4. a3 g6 5. Nf3 Bg7 6. Be3 d6 7. Qd2 a6 8. Be2 Nd7 9. O-O b5 10. Bg5 Bf6 11. Rad1 Bxg5 12. Nxg5 h6 13. Nh3 Ne7 14. f4 f5 15. d5 exd5 16. exf5 gxf5 17. Bh5+ Kf8 18. Qe3 Nf6 19. Bf3 Qd7 20. Rfe1 Rh7 21. Ne2 c5 22. c3 Ne4 23. Ng3 Qe6 24. b3 Re8 25. Bh5 Rd8 26. a4 Ng8 27. Nf2 Ngf6 28. Bg6 Re7 29. Nxf5 Red7 30. Qh3 Ng8 31. Qh5 Qf6 32. Ng4 Qh8 33. c4 Nef6 34. Qh4 Nxg4 35. Qxg4 Qf6 36. Bh5 dxc4 37. bxc4 bxc4 38. Nh4 Qg7 39. Ng6+ Kf7 40. Qe6# 1-0


[Site "https://www.chess.com"]

[Event "Titled Tuesday Blitz April 25 Early 2023"]
[White "Sieciechowicz, Marcin"]
[Black "Skliarov, Viktor"]
[WhiteFideId "1130170"]
[BlackFideId "14106736"]
[WhiteElo "2302"]
[BlackElo "2317"]
[Result "0-1"]
[Round "07"]
[TimeControl "180+2"]
[Date "2023.04.25"]
[WhiteClock "0:00:09"]
[BlackClock "0:00:08"]

1. d4 Nf6 2. Bf4 g6 3. e3 Bg7 4. Nf3 O-O 5. Be2 d6 6. O-O c5 7. c3 Qb6 8. Qb3 Be6 9. Qxb6 axb6 10. a3 Nd5 11. Bg3 cxd4 12. exd4 Bh6 13. Nbd2 Nf4 14. Bxf4 Bxf4 15. Bc4 Bd7 16. Rfe1 Re8 17. Ne4 b5 18. Bb3 Kg7 19. g3 Bh6 20. Kg2 Nc6 21. h4 Na5 22. Ba2 Nc4 23. Re2 Bc6 24. Bxc4 bxc4 25. Rae1 Red8 26. Rd1 Bd5 27. Neg5 Bxg5 28. hxg5 e6 29. g4 Rh8 30. Kg3 h6 31. gxh6+ Rxh6 32. Ng5 Rah8 33. f3 Kf6 34. Kf4 Ke7 35. Rde1 Rh2 36. Ne4 f6 37. Ke3 g5 38. Rxh2 Rxh2 39. Re2 Rh1 40. Ng3 Rh3 41. Kf2 Kd7 42. Kg2 Rh4 43. Ne4 f5 44. gxf5 exf5 45. Nf6+ Kc6 46. Re7 b5 47. Ra7 g4 48. Nxd5 Kxd5 49. Rb7 Kc6 50. Rf7 gxf3+ 51. Kxf3 Rh2 52. Rxf5 Rxb2 53. Ke4 Rb3 54. d5+ Kc5 55. Rf8 Rxc3 56. Rc8+ Kb6 57. Rc6+ Ka5 58. Rxd6 Rxa3 59. Rd8 Rd3 60. d6 Kb4 61. d7 Kc3 62. Ke5 b4 0-1


[Site "https://www.chess.com"]